 Dungeon Crawl Stone Soup version 0.32-a0-861-g165e151e72 (webtiles) character file.

Game seed: 10326224905164564808

233 Essalna the Firebug (level 5, -4/39 HPs)
             Began as a Demonspawn Fire Elementalist on Mar 28, 2024.
             Slain by Duvessa
             ... wielding a +0 short sword
              (8 damage)
             ... on level 4 of the Dungeon.
             The game lasted 00:05:01 (2106 turns).

Essalna the Firebug (Demonspawn Fire Elementalist)  Turns: 2106, Time: 00:05:02

Health: -4/39      AC:  7    Str:  9    XL:     5   Next: 75%
Magic:  2/9        EV: 11    Int: 17    God:
Gold:   150        SH:  0    Dex: 13    Spells: 7/10 levels left

rFire   . . .        (no weapon)
rCold   . . .        (no shield)
rNeg    . . .        a - +0 robe
rPois   .            d - +0 helmet
rElec   .            (no cloak)
rCorr   .            (no gloves)
SInv    .            t - +0 pair of boots
Will    .....        c - amulet of magic regeneration
Stlth   ++           r - ring of flight
HPRegen 0.26/turn    (no ring)
MPRegen 0.51/turn

%: no passive effects
@: flying, very slightly contaminated
A: icy blue scales 2, demonic touch 1
a: no special abilities


You were on level 4 of the Dungeon.
You visited 1 branch of the dungeon, and saw 4 of its levels.

You collected 150 gold pieces.

Inventory:

Armour
 a - a +0 robe (worn)
 d - a +0 helmet (worn)
 t - a +0 pair of boots (worn)
Jewellery
 c - an amulet of magic regeneration (around neck)
 r - a ring of flight (left hand)
Scrolls
 e - a scroll of poison {unknown}
 f - 4 scrolls of teleportation {unknown}
 h - 2 scrolls of immolation {unknown}
 j - a scroll of brand weapon {unknown}
 k - a scroll of butterflies {unknown}
 l - a scroll of revelation {unknown}
 m - 3 scrolls of identify {unknown}
 n - a scroll of enchant armour {unknown}
 o - 2 scrolls of acquirement {unknown}
 q - a scroll of blinking {unknown}
 u - a scroll of vulnerability {unknown}
Potions
 b - a potion of magic
 g - 3 potions of curing {unknown}
 i - 2 potions of mutation {unknown}
 p - a potion of heal wounds {unknown}
 s - a potion of brilliance {unknown}
 v - a potion of ambrosia {unknown}


   Skills:
 + Level 2.6 Fighting
 - Level 1.7 Dodging
 - Level 1.7 Stealth
 + Level 3.2 Spellcasting
 + Level 2.8 Conjurations
 + Level 3.7 Fire Magic


You had 7 spell levels left.
You knew the following spells:

 Your Spells              Type           Power      Damage    Failure   Level
a - Foxfire               Conj/Fire      56%        2x1d6     4%          1
b - Scorch                Fire           30%        2d6       5%          2

Your spell library contained the following spells:

 Spells                   Type           Power      Damage    Failure   Level
 Apportation              Tloc           4%         N/A       17%         1
 Inner Flame              Hex/Fire       9%         N/A       24%         3
 Volatile Blastmotes      Fire/Tloc      18%        2d11      24%         3
 Jinxbite                 Hex            4%         N/A       26%         2
 Flame Wave               Conj/Fire      14%        2d6       41%         4
 Alistair's Intoxication  Alch           1%         N/A       99%         5


Dungeon Overview and Level Annotations

Branches:
Dungeon (4/15)
 Temple: D:4-7

Altars:

Shops:
D:2 :!   D:3 *

Annotations:
D:3 3 runed translucent doors, anet's ghost, amateur DjHW
D:4 Dowan; Duvessa


Innate Abilities, Weirdness & Mutations

You are mostly covered in icy blue scales. (AC +3)
Your touch may inflict minor irresistible damage on your foes.


Message History

Duvessa barely misses you.
Casting: Foxfire (safe; 4% risk of failure)
Confirm with . or Enter, or press ? or * to list all spells.
You conjure some foxfire!
Duvessa is no longer more vulnerable to fire.
The foxfire hits Duvessa.
Duvessa is heavily wounded.
Duvessa hits you with a +0 short sword. Duvessa closely misses you.
Casting: Foxfire (safe; 4% risk of failure)
Confirm with . or Enter, or press ? or * to list all spells.
You conjure some foxfire!
The foxfire hits Duvessa but does no damage.
Duvessa is heavily wounded.
The foxfire hits Duvessa but does no damage.
Duvessa is heavily wounded.
The foxfire hits Duvessa but does no damage.
Duvessa is heavily wounded.
Duvessa hits you with a +0 short sword!
* * * LOW HITPOINT WARNING * * *
Casting: Foxfire (safe; 4% risk of failure)
Confirm with . or Enter, or press ? or * to list all spells.
You conjure some foxfire!
The foxfire hits Duvessa.
Duvessa is heavily wounded.
The foxfire hits Duvessa but does no damage.
Duvessa is heavily wounded.
Duvessa hits you with a +0 short sword.
* * * LOW HITPOINT WARNING * * *
Duvessa barely misses you.
Okay, then.
Casting: Foxfire (safe; 4% risk of failure)
Confirm with . or Enter, or press ? or * to list all spells.
You miscast Scorch.
You are very lightly contaminated with residual magic.
Nothing appears to happen.
The foxfire hits Duvessa but does no damage.
Duvessa is heavily wounded.
The foxfire hits Dowan.
Dowan is lightly wounded.
Duvessa hits you with a +0 short sword!
You die...

.# #..# #....#### #.# .# #..#
#.......# #.# . .#
#..####.......# #.# ...
.####.............####.##.....
..................'...........
....#.............####.#######
#...######........<....# ....#
#######..######## #...#
#..<...@e.......# #...#
#.#...§e^#####'#### #...#
.####...####.....# .##+### .#
#............# # ......## .#
#....).......# # .......# .#
#.........#### #..
.......###.####.....)...#######..
.........#..............'....ee.#
......##..# ###.........#######.#


You could see Duvessa (fast) and Dowan.

Vanquished Creatures
  An ogre (D:3)
  Natasha (D:2)
  4 adders
  2 dart slugs (D:1)
  2 ribbon worms
  5 orcs
  12 ball pythons
  An endoplasm (D:1)
  A giant cockroach (D:1)
  10 goblins
  5 hobgoblins
  4 kobolds
  4 quokkas
  8 bats
  A frilled lizard (D:3)
  6 rats
67 creatures vanquished.

Vanquished Creatures (others)
  281 foxfires
281 creatures vanquished.

Grand Total: 348 creatures vanquished

Notes
Turn   | Place    | Note
-------+----------+-------------------------------------------
     0 | D:1      | Essalna the Demonspawn Fire Elementalist began the quest
                  | for the Orb.
     0 | D:1      | Reached XP level 1. HP: 13/13 MP: 3/3
   251 | D:1      | Gained mutation: You are partially covered in icy blue
                  | scales. (AC +2) [demonic ancestry]
   251 | D:1      | Reached XP level 2. HP: 11/20 MP: 3/5
   448 | D:1      | Reached skill level 1 in Fighting
   514 | D:1      | Gained mutation: You are mostly covered in icy blue scales.
                  | (AC +3) [demonic ancestry]
   514 | D:1      | Reached XP level 3. HP: 26/26 MP: 3/6
   758 | D:2      | Found Zaeqiuk's Book Emporium.
   789 | D:2      | Found Jaqontin's Distillery.
   798 | D:2      | Reached XP level 4. HP: 33/33 MP: 3/7
   883 | D:2      | Noticed Natasha
   890 | D:2      | Killed Natasha
   975 | D:2      | You fall into a shaft and drop 2 floors!
  1222 | D:3      | Found Zin's Purification Station.
  1279 | D:3      | Learned a level 2 spell: Scorch
  1460 | D:3      | Gained mutation: Your touch may inflict minor irresistible
                  | damage on your foes. [demonic ancestry]
  1460 | D:3      | Reached XP level 5. HP: 28/38 MP: 6/9
  1503 | D:3      | Noticed an ogre
  1510 | D:3      | Killed an ogre
  1678 | D:3      | Found a runed translucent gate.
  1678 | D:3      | Found a runed translucent gate.
  1678 | D:3      | Found a runed translucent gate.
  1686 | D:3      | Noticed anet's ghost (amateur DjHW)
  1937 | D:4      | Noticed Duvessa
  1937 | D:4      | Noticed Dowan
  2106 | D:4      | Slain by Duvessa

Illustrated notes

Levels and vault maps discovered:
D:1:      lemuel_arrival_muddy, layout_rooms, patterned_corridor
D:2:      layout_rooms, serial_shops, nicolae_shop_hallway_plus,
          nicolae_shop_advertising_works [nicolae_subvault_shop_adworks],
          nicolae_shop_industrial_runoff, minmay_tromino_v2, uniq_natasha
D:3:      layout_basic, zin_purify, gammafunk_ghost_necromancy
D:4:      layout_basic, ebering_ghost_disaster_area, minmay_diced_spiral,
          uniq_blork_the_orc, uniq_duvessa

Skill      XL: |  1  2  3  4  5 |
---------------+----------------+-----
Fighting       | 1 2 |  2.6
Fire Magic     | 3 |  3.7
Conjurations   | 2 |  2.8
Spellcasting   | 3 |  3.2
Dodging        | |  1.7
Stealth        | |  1.7

Action                     |  1- 3 |  4- 6 || total
---------------------------+-------+-------++-------
  Melee: Unarmed           |     4 |    36 ||    40
   Cast: Foxfire           |    82 |    80 ||   162
         Scorch            |       |     9 ||     9
   Stab: Sleeping          |       |     1 ||     1
 Armour: Robe              |     8 |    45 ||    53
  Dodge: Dodged            |     8 |    40 ||    48

Table legend: (Time is in decaauts)
 A = Elapsed time spent in this place.
 B = Non-inter-level travel time spent in this place.
 C = Inter-level travel time spent in this place.
 D = Time resting spent in this place.
 E = Time spent auto-exploring this place.
 F = Levels seen in this place.
 G = Mean time per level.
                   A        B        C        D        E       F      G
               +--------+--------+--------+--------+--------+-----+--------+
         Total |   2106 |   1997 |    109 |      0 |   1548 |   4 |  526.5 |
       Dungeon |   2106 |   1997 |    109 |      0 |   1548 |   4 |  526.5 |
               +--------+--------+--------+--------+--------+-----+--------+

Top non-repeatable levels by time:
     D:3: 913 daAuts
     D:1: 692 daAuts
     D:2: 284 daAuts
     D:4: 217 daAuts
